 Dungeon Crawl Stone Soup version 0.30-a0-630-g881e3bac89 (webtiles) character file.

Game seed: 15404600702687153652

16 Rrauwl the Trooper (level 2, -11/25 HPs)
             Began as a Barachi Berserker on Jan 13, 2023.
             Was a Follower of Nemelex Xobeh.
             Mangled by a polar bear (13 damage)
             ... created by the rage of Trog
             ... on level 1 of the Dungeon.
             The game lasted 00:01:43 (404 turns).

Rrauwl the Trooper (Barachi Berserker)               Turns: 404, Time: 00:01:44

Health: -11/25     AC: 10    Str: 15 (18) XL:     2   Next: 58%
Magic:  2/2        EV:  7    Int:  7      God:    Nemelex Xobeh [*.....]
Gold:   11         SH:  0    Dex: 11      Spells: 1/1 levels left

rFire   . . .      SeeInvis .    a - +0 falchion
rCold   . . .      Faith    .    (no shield)
rNeg    . . .      Spirit   .    e - +0 chain mail
rPois   .          Reflect  .    (no helmet)
rElec   .          Harm     .    (no cloak)
rCorr   .          Rampage  .    c - +0 pair of gloves
Will    .....                    (no boots) Stlth
                                 (no amulet)
HPRegen 0.24/turn                (no ring)
MPRegen 0.08/turn                (no ring)

@: unable to hop, slowed, very slow
A: amphibious, slowness 1, strong legs 1, +LOS
a: Hop, Renounce Religion, Draw Escape, Draw Destruction, Draw Summoning


You were on level 1 of the Dungeon.
You worshipped Nemelex Xobeh.
Nemelex Xobeh was aware of your devotion.
You visited 1 branch of the dungeon, and saw 1 of its levels.

You collected 11 gold pieces.

Inventory:

Hand Weapons
 a - a +0 falchion (weapon)
Armour
 c - a +0 pair of gloves (worn)
 e - a +0 chain mail (worn)
Potions
 d - a potion of degeneration {unknown}


   Skills:
 + Level 3.9 Fighting
 + Level 3.9 Long Blades
 + Level 2.8 Armour
 + Level 2.5 Dodging


You had one spell level left.
You didn't know any spells.
Your spell library was empty.

Dungeon Overview and Level Annotations

Branches:
Dungeon (1/15)

Altars:
Nemelex Xobeh


Innate Abilities, Weirdness & Mutations

You are amphibious.
You cover ground slowly.
You can hop short distances.
You have an extended range of vision and can be seen from far away.


Message History

The bat closely misses you. The bat barely misses you.
You slash the bat!
You kill the bat!
No target in view!
No target in view!
You see here a bat corpse.
A goblin comes into view. It is wielding a +0 dagger.
The goblin shouts!
A ball python comes into view.
The ball python hisses angrily.
You hit the goblin.
You kill the goblin!
You hit the ball python.
You kill the ball python!
No target in view!
No target in view!
Things that are here:
a +0 dagger; a goblin corpse Trog sends monsters to punish you. 2 polar bears and a black bear come into view.
You aren't carrying any scrolls.
Hop to where?
Press: ? - help, Q - select action, (/) - cycle Dir - move target Boing!
Okay, then.
The polar bear attacks as you move away!
The polar bear bites you! The polar bear claws you.
The polar bear claws you but does no damage.
The polar bear bites you but does no damage.
The polar bear claws you.
The polar bear claws you but does no damage.
The polar bear attacks as you move away!
The polar bear bites you!
* * * LOW HITPOINT WARNING * * *
The polar bear barely misses you.
The polar bear claws you but does no damage.
The polar bear bites you!
Ouch! That really hurt!
You die...
Your body disappears without a glow.

#.# #.# #.# #.#
#.# #.# #.# #.#
#.# #.# #.# #.#
#.# #.#
#.##############.#
#.......@hh.h....#
######..##########
# #..# . ### #..#
.#######.# #..#
...≈≈≈≈#.# #..#
...≈≈≈≈≈.# #..#
..(~≈≈≈≈.#####..#
...≈~≈≈≈...)....#


You could see 2 polar bears and a black bear (berserk).

Vanquished Creatures
  3 ball pythons (D:1)
  A bat (D:1)
  An endoplasm (D:1)
  A goblin (D:1)
  A hobgoblin (D:1)
  A quokka (D:1)
  A frilled lizard (D:1)
  4 kobolds (D:1)
  A rat (D:1)
14 creatures vanquished.

Notes
Turn   | Place    | Note
-------+----------+-------------------------------------------
     0 | D:1      | Rrauwl the Barachi Berserker began the quest for the Orb.
     0 | D:1      | Reached XP level 1. HP: 18/18 MP: 1/1
   116 | D:1      | Reached XP level 2. HP: 25/25 MP: 2/2
   121 | D:1      | Found a faded altar of an unknown god.
   136 | D:1      | Prayed at the altar of an unknown god.
   136 | D:1      | Fell from the grace of Trog
   136 | D:1      | Became a worshipper of Nemelex Xobeh the Trickster
   136 | D:1      | Reached * piety under Nemelex Xobeh
   402 | D:1      | Noticed a polar bear
   402 | D:1      | Noticed a polar bear
   402 | D:1      | Noticed a black bear
   404 | D:1      | HP: 1/25 [polar bear[the rage of Trog] (9)]
   404 | D:1      | Mangled by a polar bear

Illustrated notes

Levels and vault maps discovered:
D:1:      dpeg_arrival_pond, layout_loops_ring,
          hellmonk_ecumenical_altar_prayer_group, supply_closet_lemuel

Action                   || total
-------------------------++-------
Melee: Falchion          ||    41
 Abil: Hop               ||     1
Armor: Animal skin       ||     3
       Chain mail        ||    13
Dodge: Dodged            ||    19

Table legend: (Time is in decaauts)
 A = Elapsed time spent in this place.
 B = Non-inter-level travel time spent in this place.
 C = Inter-level travel time spent in this place.
 D = Time resting spent in this place.
 E = Time spent auto-exploring this place.
 F = Levels seen in this place.
 G = Mean time per level.
                   A        B        C        D        E       F      G
               +--------+--------+--------+--------+--------+-----+--------+
         Total |    481 |    473 |      8 |      0 |    325 |   1 |  481.0 |
       Dungeon |    481 |    473 |      8 |      0 |    325 |   1 |  481.0 |
               +--------+--------+--------+--------+--------+-----+--------+

Top non-repeatable levels by time:
     D:1: 481 daAuts
